 Dungeon Crawl Stone Soup version 0.21-a0-401-g0b6bec4 (webtiles) character file.

60 Kavrick the Skirmisher (level 3, -4/29 HPs)
             Began as a Demonspawn Fighter on Oct 21, 2017.
             Killed from afar by Ijyb (15 damage)
             ... with a wand of lightning (?/15)
             ... on level 3 of the Dungeon.
             The game lasted 00:01:42 (1311 turns).

Kavrick the Skirmisher (Demonspawn Fighter)         Turns: 1311, Time: 00:01:43

Health: -4/29      AC:  6    Str: 17    XL:     3   Next: 80%
Magic:  3/3        EV:  7    Int:  9    God:
Gold:   116        SH:  9    Dex: 12    Spells: 2/2 levels left

rFire    . . .     SeeInvis .   a - +0 war axe
rCold    . . .     Gourm    .   c - +0 shield
rNeg     . . .     Faith    .   b - +0 scale mail
rPois    .         Spirit   .   (no helmet)
rElec    .         Reflect  .   (no cloak)
rCorr    .         Harm     .   (no gloves)
MR       .....                  (no boots)
Stlth    ..........             (no amulet)
HPRegen  0.09/turn              (no ring)
MPRegen  0.08/turn              (no ring)

@: no status effects
A: spiny 1
a: no special abilities


You were on level 3 of the Dungeon.
You were not hungry.

You visited 1 branch of the dungeon, and saw 3 of its levels.

You collected 116 gold pieces.

Inventory:

Hand Weapons
 a - a +0 war axe (weapon)
Armour
 b - a +0 scale mail (worn)
 c - a +0 shield (worn)
Jewellery
 e - an uncursed ring of protection from cold {unknown}
Scrolls
 i - 5 scrolls of identify {unknown}
 j - a scroll of remove curse {unknown}
 k - a scroll of random uselessness {unknown}
 l - a scroll of magic mapping {unknown}
 n - 2 scrolls of teleportation {unknown}
 o - 2 scrolls of enchant weapon {unknown}
Potions
 d - a potion of might
 h - a potion of degeneration {unknown}
 m - a potion of resistance {unknown}
 q - a potion of ambrosia {unknown}
Comestibles
 f - 3 bread rations
 p - a meat ration


   Skills:
 + Level 3.3 Fighting
 * Level 2.7 Axes
 + Level 3.1 Armour
 + Level 3.0 Shields


You had 2 spell levels left.
You didn't know any spells.

Dungeon Overview and Level Annotations

Branches:
Dungeon (3/15)

Altars:

Annotations:
D:3 Ijyb


Innate Abilities, Weirdness & Mutations

You are partially covered in sharp spines.


Message History

(D) Dungeon
Where to? (Enter - D:2, ? - help)
There is a stone staircase leading down here.
You climb downwards.
There is a stone staircase leading up here.
You open the door.
There is an open door here.
You open the door.
There is an open door here.
Ijyb the Twisted Goblin comes into view.
She is wielding a dagger.
Ijyb shouts!
Ijyb zaps a wand.
The bolt of lightning misses you.
It is a wand of lightning (?/15).
Found a scroll labeled HEIWUI HUYNUF.
Ijyb zaps a wand.
The bolt of lightning hits you!
Ouch! That really hurt!
There is an open door here.
Ijyb zaps a wand.
The bolt of lightning hits you!
Ouch! That really hurt!
You die...

#.. . #. #.# #. #.
#.# ##.##.
#.########### ......
#.#.........#
#....#+#.#.##......#
........#..'...<..#
#....####......#
#.g.....'@.....#
#..##+##########
.g...g...#
.........#
.........#
#........#
#......#+# .?.....
.......


You could see Ijyb.

Vanquished Creatures
  2 oozes
  A worm (D:2)
  A dart slug (D:1)
  A leopard gecko (D:1)
  2 ball pythons
  3 giant cockroaches
  3 hobgoblins
  7 kobolds
  3 quokkas (D:2)
  14 bats
  A frilled lizard (D:2)
  3 goblins (D:1)
  7 rats
48 creatures vanquished.

Notes
Turn   | Place    | Note
-------+----------+-------------------------------------------
     0 | D:1      | Kavrick the Demonspawn Fighter began the quest for the Orb.
     0 | D:1      | Reached XP level 1. HP: 18/18 MP: 1/1
     2 | D:1      | Noticed a troll
     2 | D:1      | Noticed a formicid
     4 | D:1      | Noticed a vampire
     4 | D:1      | Noticed a demonspawn
     6 | D:1      | Noticed a ghoul
     6 | D:1      | Noticed a draconian
     8 | D:1      | Noticed a halfling
     8 | D:1      | Noticed a merfolk
    12 | D:1      | Noticed a dwarf
    12 | D:1      | Noticed a minotaur
    14 | D:1      | Noticed an octopode
    14 | D:1      | Noticed a felid
    16 | D:1      | Noticed an ogre
    16 | D:1      | Noticed an elf
    18 | D:1      | Noticed a tengu
    18 | D:1      | Noticed a vine stalker
    20 | D:1      | Noticed a spriggan
    22 | D:1      | Noticed a centaur
    24 | D:1      | Noticed a gargoyle
    24 | D:1      | Noticed a naga
    26 | D:1      | Noticed a human
    26 | D:1      | Noticed a demigod
    74 | D:1      | Gained mutation: You are partially covered in sharp spines. [demonic ancestry]
    74 | D:1      | Reached XP level 2. HP: 17/24 MP: 2/2
   494 | D:1      | Reached XP level 3. HP: 29/29 MP: 3/3
  1301 | D:3      | Noticed Ijyb
  1311 | D:3      | Killed from afar by Ijyb

Vault maps used:
D:1:      kb_arrival_jail
D:2:      first_bread
D:3:      eat_drink_and_be_merry_uskayaw, kennysheep_small_spiral, uniq_grinder,
          uniq_terence, uniq_ijyb

Skill      XL: |  1  2  3 |
---------------+----------+-----
Axes           | 2 |  2.7
Armour         | 3 |  3.1
Shields        | 3 |  3.0
Fighting       | |  3.3

Action                   || total
-------------------------++-------
Melee: War axe           ||   100
  Eat: Chunk             ||     1
Armor: Scale mail        ||    58
Dodge: Dodged            ||    26
Block: Shield            ||    56

Table legend:
 A = Spawn XP
 B = Non-spawn XP
 C = Spawn XP percentage of total XP
 D = Spawn monster count
 E = Non-spawn monster count
 F = Spawn count percentage of total count
 G = Total turns spent on level
                    A         B        C        D         E        F      G
               +---------+---------+-------+---------+---------+-------+---------
         Total |       0 |      86 |   0.0 |       0 |      48 |   0.0 |  1311
               +---------+---------+-------+---------+---------+-------+---------
           D:1 |       0 |      49 |   0.0 |       0 |      28 |   0.0 |   751
           D:2 |       0 |      37 |   0.0 |       0 |      20 |   0.0 |   532
               +---------+---------+-------+---------+---------+-------+---------
